 Dungeon Crawl Stone Soup version 0.23-a0-38-g6d804a8 (webtiles) character file.

3448 Irindil the Martial Artist (level 9, -19/75 HPs)
             Began as a Pale Draconian Transmuter on Aug 5, 2018.
             Was an Initiate of Gozag.
             Demolished by a very large slime creature (42 damage)
             ... on level 7 of the Dungeon.
             The game lasted 00:40:59 (11127 turns).

Irindil the Martial Artist (DrTm)                  Turns: 11127, Time: 00:41:00

Health: -19/75     AC: 11    Str: 12    XL:     9   Next: 77%
Magic:  12/12      EV: 12    Int: 14    God:    Gozag
Gold:   737        SH:  0    Dex: 15    Spells: 8/12 levels left

rFire    . . .     SeeInvis .     - Unarmed
rCold    . . .     Gourm    .   (no shield)
rNeg     . . .     Faith    .   (armour unavailable)
rPois    .         Spirit   .   (helmet restricted)
rElec    .         Reflect  .   (no cloak)
rCorr    .         Harm     .   w - +2 pair of gloves
MR       .....                  t - +0 pair of boots
Stlth    +.........             (no amulet)
HPRegen  0.22/turn              (no ring)
MPRegen  0.13/turn              (no ring)

@: about to teleport
A: breathe steam, unfitting armour, cold-blooded, AC +7
a: Breathe Steam, Potion Petition, Call Merchant, Bribe Branch, Renounce
Religion


You were on level 7 of the Dungeon.
You worshipped Gozag.
Gozag was pleased with you.
You were not hungry.

You visited 2 branches of the dungeon, and saw 9 of its levels.
You also visited: Sewer.

You collected 870 gold pieces.
You paid 133 gold pieces to Gozag.

Inventory:

Missiles
 a - 73 arrows
Armour
 t - a +0 pair of boots (worn)
 w - a +2 pair of gloves (worn)
Wands
 e - a wand of scattershot (2)
 y - a wand of digging (30)
 A - a wand of acid (6)
Scrolls
 h - 4 scrolls of identify
 i - 5 scrolls of remove curse
 j - a scroll of magic mapping
 o - a scroll of teleportation
 q - 2 scrolls of blinking {unknown}
 r - a scroll of enchant weapon {unknown}
 s - 2 scrolls of fear {unknown}
 u - 2 scrolls of random uselessness {unknown}
 z - 3 scrolls of enchant armour {unknown}
Potions
 b - 4 potions of curing
 d - 2 potions of brilliance {unknown}
 g - 2 potions of mutation
 l - 3 potions of heal wounds
 m - 4 potions of haste
 v - 6 potions of flight
Comestibles
 c - 15 rations


   Skills:
 * Level 6.1 Fighting
 - Level 1.7 Dodging
 + Level 11.0 Unarmed Combat
 - Level 2.0 Spellcasting
 + Level 6.4 Transmutations
 + Level 3.0 Poison Magic


You had 8 spell levels left.
You knew the following spells:

 Your Spells              Type           Power        Failure   Level  Hunger
a - Beastly Appendage     Tmut           ###...       1%          1    ##.....
b - Spider Form           Tmut/Pois      ##........   10%         3    ####...

Your spell library contained the following spells:

 Spells                   Type           Power        Failure   Level  Hunger
 Animate Dead             Necr           N/A          93%         4    #####..
 Pain                     Necr           #...         24%         1    ##.....
 Animate Skeleton         Necr           N/A          24%         1    ##.....
 Vampiric Draining        Necr           #.........   56%         3    ####...
 Regeneration             Chrm/Necr      #.........   56%         3    ####...
 Blade Hands              Tmut           ###.......   43%         5    ######.
 Ice Form                 Ice/Tmut       ##......     54%         4    #####..
 Sticks to Snakes         Tmut           ###.....     2%          2    ###....


Dungeon Overview and Level Annotations

Branches:
Dungeon (8/15)             Temple (1/1) D:6
   Lair: D:8-11

Altars:
Ashenzari
Cheibriados
Dithmenos
Elyvilon
Fedhas
Gozag
Hepliaklqana
Kikubaaqudgha
Makhleb
Nemelex Xobeh
Okawaru
Qazlal
Ru
Trog
Uskayaw
Vehumet
Wu Jian
Xom
Yredelemnul
Zin
The Shining One

Annotations:
D:6 exclusion: ice beast
D:8 2 runed doors


Innate Abilities, Weirdness & Mutations

You can breathe blasts of scalding, opaque steam.
Your pale cyan-grey scales are hard. (AC +7)
You cannot fit into any form of body armour.
You are cold-blooded and may be slowed by cold attacks.


Message History

Things that are here:
a dagger; a robe You see here an uncursed shortbow.
There is an open door here.
As you read the scroll labeled CUERIA PEURCHE, it crumbles to dust.
The scroll dissolves into smoke.
It was a scroll of fog.
The very large slime creature hits you!
As you read the scroll labeled UZIVELAUVE, it crumbles to dust.
You feel momentarily disoriented.
It was a scroll of magic mapping.
The very large slime creature barely misses you.
As you read the scroll labeled JIMIODAE UPUM, it crumbles to dust.
The creatures around you are filled with an inner flame!
It was a scroll of immolation.
The very large slime creature misses you.
As you read the scroll labeled QIXADGHYAZE, it crumbles to dust.
You feel strangely unstable.
It was a scroll of teleportation.
The very large slime creature hits you!!!
Ouch! That really hurt!
You die...
Your body crumbles into a pile of gold.

### #<# #.#
#.# #[# #§#
#§# #@# ###
#J# .[# #§#
..#
######.#######
..#
#............#
..#
#............#
..#
#............#
..#
#............#
#### ..#
#............#
#...


You could see a very large slime creature (inner flame).

Vanquished Creatures
  A slime creature (D:7)
  A hippogriff (D:7)
  A spriggan (D:7)
  A hungry ghost (D:7)
  A steam dragon (D:7)
  Duvessa (D:6)
  An orc warrior (D:7)
  A hornet zombie (D:6)
  An ice beast (D:5)
  2 sky beasts (D:5)
  A necrophage (D:5)
  2 phantoms
  2 ogres (D:7)
  2 centaurs
  3 big kobolds
  A bullfrog (D:6)
  2 water moccasin skeletons
  Dowan (D:7)
  5 killer bees
  2 crimson imps
  2 orc wizards (D:4)
  3 hounds
  4 jellies
  3 iguanas
  8 worker ants
  A hound zombie (D:7)
  A hound skeleton (D:4)
  5 gnolls
  A river rat (Sewer)
  6 adders
  An ooze (D:5)
  2 adder skeletons
  4 worms
  9 dart slugs
  5 leopard geckos
  15 orcs
  7 giant cockroaches
  2 goblins
  9 hobgoblins
  11 jackals
  6 quokkas
  2 ball pythons
  5 bats
  3 frilled lizards
  A jackal skeleton (D:4)
  14 kobolds
  2 leopard gecko skeletons
  3 quokka zombies
  9 rats
176 creatures vanquished.

Vanquished Creatures (others)
  A dart slug (D:3)
  An orc (D:4)
  A giant cockroach (D:4)
3 creatures vanquished.

Grand Total: 179 creatures vanquished

Notes
Turn   | Place    | Note
-------+----------+-------------------------------------------
     0 | D:1      | Irindil the Draconian Transmuter began the quest for the Orb.
     0 | D:1      | Reached XP level 1. HP: 16/16 MP: 3/3
   813 | D:2      | Reached XP level 2. HP: 13/23 MP: 3/5
  1235 | D:2      | Reached skill level 4 in Unarmed Combat
  1254 | D:2      | Reached XP level 3. HP: 23/28 MP: 4/6
  2043 | D:2      | Reached XP level 4. HP: 18/35 MP: 4/7
  2461 | D:3      | Found a hazy altar of Hepliaklqana.
  2809 | D:3      | Found a sparkling altar of Nemelex Xobeh.
  2882 | D:3      | Reached skill level 5 in Unarmed Combat
  3568 | D:4      | Reached XP level 5. HP: 28/40 MP: 6/8
  3754 | D:4      | Found an ornate altar of the Wu Jian Council.
  4094 | D:4      | Found a stormy altar of Qazlal.
  4228 | D:4      | Found a shimmering altar of Xom.
  4257 | D:4      | Noticed a centaur
  4267 | D:4      | Killed a centaur
  4267 | D:4      | Reached skill level 6 in Unarmed Combat
  4267 | D:4      | Reached XP level 6. HP: 15/47 MP: 7/9
  4939 | D:5      | Entered Level 5 of the Dungeon
  4981 | D:5      | Found a glowing drain.
  4999 | Sewer    | Entered a sewer
  5318 | Sewer    | Found a white marble altar of Elyvilon.
  5425 | D:5      | Noticed a sky beast
  5548 | D:5      | Reached skill level 7 in Unarmed Combat
  5548 | D:5      | Your scales start taking on a pale cyan-grey colour.
  5548 | D:5      | Reached XP level 7. HP: 55/56 MP: 8/10
  5553 | D:5      | Learned a level 3 spell: Spider Form
  5633 | D:5      | Reached skill level 1 in Poison Magic
  6265 | D:5      | Reached XP level 8. HP: 49/63 MP: 9/11
  6393 | D:5      | Reached skill level 8 in Unarmed Combat
  7175 | D:6      | Reached skill level 5 in Transmutations
  7753 | D:6      | Found a staircase to the Ecumenical Temple.
  7757 | Temple   | Entered the Ecumenical Temple
  7921 | Temple   | Became a worshipper of Gozag Ym Sagoz the Greedy
  8237 | D:6      | Reached skill level 9 in Unarmed Combat
  8622 | D:7      | Noticed a hippogriff
  8632 | D:7      | Killed a hippogriff
  8632 | D:7      | Reached XP level 9. HP: 35/72 MP: 9/12
  8796 | D:7      | Reached skill level 5 in Fighting
  8830 | D:7      | Reached skill level 10 in Unarmed Combat
  9684 | D:7      | Noticed Dowan
  9686 | D:7      | Noticed Duvessa
  9688 | D:7      | Killed Dowan
  9712 | D:6      | Killed Duvessa
 10773 | D:8      | Noticed a two-headed ogre
 10862 | D:8      | Reached skill level 11 in Unarmed Combat
 10951 | D:8      | Found a runed gate.
 10951 | D:8      | Found a runed gate.
 11127 | D:7      | Demolished by a very large slime creature

Vault maps used:
D:1:      eino_arrival_tree_alley
D:3:      kennysheep_slugbush, lemuel_crystal_altar, lemuel_doored_altar,
          tgw_sif, first_ration
D:4:      grunt_qazlal_clouds, nicolae_overflow_crystal_walls,
          xom_confusion_cloud, grunt_ministairs_7, kennysheep_nub
D:5:      portal_sewer_entry_f
D:6:      cheibrodos_thug_alley, minmay_temple_entry_glassed_door
D:7:      the_bakery, uniq_duvessa
D:8:      gammafunk_ghost_ooze
Temple:   nicolae_temple_elliptical
Sewer:    sewer_kobolds

Skill      XL: |  1  2  3  4  5  6  7  8  9 |
---------------+----------------------------+-----
Unarmed Combat | 4 5 6 7 9 11 | 11.0
Transmutations | 3 4 5 6 |  6.4
Fighting       | 2 3 4 6 |  6.1
Poison Magic   | 1 2 3 |  3.0
Dodging        | |  1.7
Spellcasting   | |  2.0

Action                   |  1- 3 |  4- 6 |  7- 9 || total
-------------------------+-------+-------+-------++-------
Melee: Unarmed           |   100 |   205 |   377 ||   682
       Tailslap          |     7 |    15 |    29 ||    51
       Headbutt          |     6 |    26 |    37 ||    69
       Kick              |     7 |     1 |       ||     8
       Punch             |       |     5 |    14 ||    19
 Cast: Beastly Appendage |    16 |    22 |    33 ||    71
       Spider Form       |       |       |    14 ||    14
 Abil: Breathe Steam     |       |       |     1 ||     1
  Use: Potion            |       |     1 |       ||     1
       Scroll            |       |       |    10 ||    10
 Stab: Sleeping          |     1 |       |     2 ||     3
       Distracted        |       |     1 |       ||     1
  Eat: Chunk             |     2 |     7 |     9 ||    18
       Ration            |     1 |     1 |     4 ||     6
Armor: Skin              |    27 |    73 |   103 ||   203
Dodge: Dodged            |    53 |   129 |   185 ||   367

Table legend:
 A = Spawn XP
 B = Non-spawn XP
 C = Spawn XP percentage of total XP
 D = Spawn monster count
 E = Non-spawn monster count
 F = Spawn count percentage of total count
 G = Total turns spent on level
                    A         B        C        D         E        F      G
               +---------+---------+-------+---------+---------+-------+---------
         Total |       0 |    4926 |   0.0 |       0 |     177 |   0.0 | 11127
               +---------+---------+-------+---------+---------+-------+---------
           D:1 |       0 |      11 |   0.0 |       0 |       6 |   0.0 |  1161
           D:2 |       0 |     107 |   0.0 |       0 |      25 |   0.0 |  1288
           D:3 |       0 |      59 |   0.0 |       0 |      18 |   0.0 |  1086
           D:4 |       0 |     312 |   0.0 |       0 |      21 |   0.0 |  1408
           D:5 |       0 |    1020 |   0.0 |       0 |      31 |   0.0 |  1729
           D:6 |       0 |     844 |   0.0 |       0 |      23 |   0.0 |  1612
           D:7 |       0 |    2113 |   0.0 |       0 |      35 |   0.0 |  1981
           D:8 |       0 |     337 |   0.0 |       0 |       9 |   0.0 |   313
         Sewer |       0 |     123 |   0.0 |       0 |       9 |   0.0 |   364
               +---------+---------+-------+---------+---------+-------+---------
